 Dungeon Crawl Stone Soup version 0.28.0-47-ge53b351184 (webtiles) character file.

Game seed: 7456390672152316539

757 NinjaNoafa the Changer (level 7, 0/52 HPs)
             Began as a White Draconian Transmuter on May 10, 2022.
             Succumbed to a scorpion's poison
             ... on level 5 of the Dungeon.
             The game lasted 00:11:16 (4805 turns).

NinjaNoafa the Changer (White Draconian Transmuter) Turns: 4805, Time: 00:11:16

Health: 0/52       AC:  7    Str: 12    XL:     7   Next: 50%
Magic:  22/22      EV: 13    Int: 16    God:
Gold:   26         SH:  0    Dex: 11    Spells: 11/14 levels left

rFire   . . .      SeeInvis .     - Unarmed
rCold   + . .      Faith    .   (no shield)
rNeg    . . .      Spirit   .   (armour unavailable)
rPois   .          Reflect  .   (helmet restricted)
rElec   .          Harm     .   (no cloak)
rCorr   .          Rampage  .   (no gloves)
Will    .....                   n - +0 pair of boots
Stlth   +.........              d - amulet of magic regeneration
HPRegen 0.17/turn               f - ring of magical power
MPRegen 0.58/turn               (no ring)

@: lethally poisoned (0 -> -11), short of breath
A: breathe frost, AC +6, unfitting armour, cold resistance 1, cold-blooded
a: Breathe Frost


You were on level 5 of the Dungeon.
You visited 1 branch of the dungeon, and saw 5 of its levels.

You collected 1227 gold pieces.
You spent 1201 gold pieces at shops.

Inventory:

Hand Weapons
 h - a +1 falchion of electrocution
Missiles
 i - 9 poisoned darts
 k - 157 stones
Armour
 c - a +0 kite shield
 n - a +0 pair of boots (worn)
Jewellery
 d - an amulet of magic regeneration (around neck)
 f - a ring of magical power (left hand)
Wands
 m - a wand of acid (13)
Scrolls
 j - a scroll of magic mapping
 l - a scroll of fear {unknown}
 o - a scroll of silence {unknown}
 r - a scroll of amnesia {unknown}
 t - a scroll of fog {unknown}
 u - a scroll of enchant weapon {unknown}
 v - a scroll of immolation
Potions
 b - a potion of lignification
Miscellaneous
 p - a phantom mirror


   Skills:
 - Level 1.1 Fighting
 - Level 4.0 Dodging
 - Level 4.0 Unarmed Combat
 - Level 4.0 Spellcasting
 - Level 5.0 Transmutations
 + Level 0.0 Poison Magic
 - Level 3.0 Evocations


You had 11 spell levels left.
You knew the following spells:

 Your Spells              Type           Power      Damage    Failure   Level
a - Beastly Appendage     Tmut           38%        N/A       2%          1
b - Wereblood             Tmut           19%        N/A       3%          2

Your spell library contained the following spells:

 Spells                   Type           Power      Damage    Failure   Level
 Shock                    Conj/Air       12%        1d3       17%         1
 Spider Form              Tmut/Pois      11%        N/A       19%         3
 Swiftness                Air            3%         N/A       45%         3
 Ice Form                 Ice/Tmut       11%        N/A       52%         4
 Airstrike                Air            1%         N/A       86%         4


Dungeon Overview and Level Annotations

Branches:
Dungeon (5/15)
 Temple: D:4-7

Altars:
Hepliaklqana
Makhleb
Xom

Shops:
D:2 *   D:4 *


Innate Abilities, Weirdness & Mutations

You can breathe waves of freezing cold which knock back foes.
Your icy white scales are hard. (AC +6)
You cannot fit into any form of body armour.
Your flesh is cold resistant. (rC+)
You are cold-blooded and may be slowed by cold attacks.


Message History

* * * LOW HITPOINT WARNING * * *
You feel very sick. The scorpion stings you!
* * * LOW HITPOINT WARNING * * *
You are more poisoned.
The scorpion poisons you! The scorpion barely misses you.
You closely miss the scorpion.
Your tail-slap misses the scorpion.
The scorpion is heavily wounded.
* * * LOW HITPOINT WARNING * * *
You feel very sick. The scorpion stings you.
* * * LOW HITPOINT WARNING * * *
Unknown command.
You feel much better.
Your transformation is almost over.
You feel very sick. The scorpion stings you.
You feel yourself speed up.
You feel very sick. The scorpion closely misses you.
You feel sick.
You feel sick.
You feel sick.
You feel sick.
You feel sick.
It was a potion of brilliance.
You feel clever all of a sudden.
You feel sick.
It was a potion of cancellation.
Your magical effects are unravelling.
You feel magically purged.
Your horns disappear.
Your talons disappear.
Your +0 pair of boots unmelds from your body.
You feel yourself slow down.
You feel a little less mighty now.
You feel a little less clever now.
You feel sick. The scorpion stings you!
* * * LOW HITPOINT WARNING * * *
You are more poisoned.
The scorpion poisons you!
You die...

....# ....##
...... ###
###.....#
##.###........###
#.<..#.....#.....
##......## ...#
#.....#..###..##
##..###.@......#
#.....#.......##
##.....##s..###
####..#.....#
..#..#..$#......
.....#..###.....
................
#...............
#.##.##.........


You could see a scorpion.

Vanquished Creatures
  4 scorpions (D:4)
  A water moccasin skeleton (D:3)
  4 crimson imps
  2 centaur skeletons (D:3)
  An iguana (D:4)
  A scorpion zombie (D:3)
  5 hound zombies (D:3)
  2 hound skeletons
  3 adders
  2 adder zombies (D:3)
  An adder skeleton (D:4)
  A worm (D:2)
  4 dart slugs
  6 orcs
  14 ball pythons
  3 bats
  4 endoplasms
  2 giant cockroaches
  5 goblins
  8 hobgoblins
  8 jackals
  7 kobolds
  3 quokkas
  6 frilled lizards
  A quokka zombie (D:3)
  2 rats (D:2)
100 creatures vanquished.

Vanquished Creatures (others)
  A plant (D:4)
  A withered plant (D:3)
2 creatures vanquished.

Grand Total: 102 creatures vanquished

Notes
Turn   | Place    | Note
-------+----------+-------------------------------------------
     0 | D:1      | NinjaNoafa the Draconian Transmuter began the quest for the
                  | Orb.
     0 | D:1      | Reached XP level 1. HP: 16/16 MP: 3/3
   152 | D:1      | Reached XP level 2. HP: 13/23 MP: 1/5
   686 | D:1      | Reached XP level 3. HP: 25/28 MP: 4/6
   799 | D:2      | Reached skill level 3 in Transmutations
   996 | D:2      | Found Gelapt's General Store.
  1261 | D:2      | Reached XP level 4. HP: 31/35 MP: 7/7
  1660 | D:3      | Found a burning altar of Makhleb.
  1709 | D:3      | Reached XP level 5. HP: 39/40 MP: 9/9
  1751 | D:3      | Reached skill level 4 in Transmutations
  1983 | D:3      | Learned a level 2 spell: Wereblood
  2027 | D:3      | Found a shimmering altar of Xom.
  2076 | D:2      | Identified a scroll of acquirement
  2690 | D:2      | Reached XP level 6. HP: 40/47 MP: 10/10
  3039 | D:3      | Found a hazy altar of Hepliaklqana.
  3046 | D:3      | Acquired 1155 gold pieces
  3650 | D:4      | Your scales start taking on an icy white colour.
  3650 | D:4      | Reached XP level 7. HP: 44/52 MP: 13/13
  3650 | D:4      | Gained mutation: Your flesh is cold resistant. (rC+) [White
                  | Draconian growth]
  3736 | D:4      | Found Mumoenel's Assorted Antiques.
  3744 | D:4      | Bought a scroll labelled HEC UK KAERYI for 28 gold pieces
  3744 | D:4      | Bought a phantom mirror for 1120 gold pieces
  3744 | D:4      | Bought a glowing amethyst potion for 25 gold pieces
  3744 | D:4      | Bought a scroll labelled IBLUENG ATWUETH for 28 gold pieces
  3812 | D:4      | Reached skill level 5 in Transmutations
  4035 | D:4      | Reached skill level 1 in Evocations
  4769 | D:5      | Entered Level 5 of the Dungeon
  4795 | D:5      | HP: 2/52 [scorpion (2)]
  4804 | D:5      | HP: 2/52 [scorpion (7)]
  4805 | D:5      | Succumbed to a scorpion's poison

Illustrated notes

Levels and vault maps discovered:
D:1:      dpeg_arrival_simpleton_b, layout_rooms
D:2:      layout_rooms, serial_shops, shop_fountains, minmay_pentomino_o2
D:3:      layout_basic, led_xom_imps, old_standard_altar,
          mainiacjoe_overflow_cross_hatched, serial_undead, serial_undead_c,
          serial_undead_f, serial_undead_a, serial_undead_f, serial_undead_a,
          serial_undead_f, kennysheep_cross_bottleneck,
          minmay_shallow_snake_nest
D:4:      layout_gridville, serial_shops, nicolae_shop_overgrown_old_shop,
          amethyst_killhole
D:5:      layout_cave_pools, amcnicky_altar_gilded, serial_shops, shop,
          grunt_ministairs_4, uniq_grinder, uniq_blork_the_orc

Skill      XL: |  1  2  3  4  5  6  7 |
---------------+----------------------+-----
Dodging        | 2 3 4 |  4.0
Transmutations | 3 4 5 |  5.0
Spellcasting   | 3 4 |  4.0
Unarmed Combat | 4 |  4.0
Evocations     | 3 |  3.0
Fighting       | |  1.1

Action                   |  1- 3 |  4- 6 |  7- 9 || total
-------------------------+-------+-------+-------++-------
Melee: Unarmed           |    92 |   154 |    79 ||   325
       Kick              |    21 |    40 |    25 ||    86
       Tailslap          |    12 |    21 |    16 ||    49
       Headbutt          |    15 |    28 |    10 ||    53
       Punch             |     2 |     2 |       ||     4
       Falchion          |     3 |       |       ||     3
 Cast: Beastly Appendage |    17 |    28 |     9 ||    54
       Wereblood         |       |     3 |     3 ||     6
 Abil: Breathe Frost     |       |       |     2 ||     2
  Use: Scroll            |       |     6 |     1 ||     7
       Potion            |       |     3 |     5 ||     8
Armor: Skin              |    29 |    66 |    27 ||   122
Dodge: Dodged            |    76 |   122 |    71 ||   269
